AoeStats
← 林海

Arena

509607294Analyzed
4v4 RM · 5d ago on Sep 27, 2026· 66m 53s· 8 players
Game mode
Random Map
Map size
Large (8 player)
Population
200
Speed
Normal
Resources
Standard
Victory
Conquest
Starting age
Dark Age
Ending age
Imperial Age
RankedLock teamsTeams togetherTeam positionsShared explorationLock speedFull tech treeHidden civsTurbo modeCheats
Victory
Defeat
🇨🇳 Koreans · China
1080
+15
🇨🇳 Teutons · China
1020
+18
🇪🇸 Celts · Spain
1007
+47
🇨🇳 Slavs · China
936
+21
1080
-19
🇨🇳 Byzantines · China
1055
-18
🇨🇳 Persians · China
1051
-18
🇨🇳 Bohemians · China
1036
-17
涛哥
10:47 Feudal Age
15:07 Castle Age
13:20 Double-Bit Axe
22:37 Horse Collar
24:49 Bow Saw
30:26 Imperial Age
28:13 Squires
27:34 Pikeman
29:46 Chemistry
29:48 Wheelbarrow
29:52 Heavy Plow
38:40 Halberdier
40:46 Elite Skirmisher
43:01 Two-Man Saw
꧁༺乡 SC∆R 乡 ༻꧂
10:40 Feudal Age
9:35 Loom
11:34 Double-Bit Axe
11:29 Horse Collar
17:32 Castle Age
15:27 Gold Mining
17:06 Stone Mining
25:57 Wheelbarrow
25:07 Town Watch
33:03 Imperial Age
30:49 Hand Cart
31:11 Heavy Plow
31:22 Bow Saw
31:31 Circumnavigation
32:23 Stone Shaft Mining
37:10 Chemistry
36:33 Ballistics
37:00 Pikeman
37:43 Scale Mail Armor
37:54 Forging
38:17 Arquebus
38:28 Padded Archer Armor
39:57 Two-Man Saw
39:09 Siege Engineers
42:13 Leather Archer Armor
43:19 Fletching
43:59 Ring Archer Armor
43:55 Chain Mail Armor
44:15 Iron Casting
43:04 Halberdier
44:53 Murder Holes
45:09 Masonry
46:12 Thumb Ring
51:41 Plate Mail Armor
52:12 Blast Furnace
54:01 Bodkin Arrow
63:52 Bracer
岚天神风
9:58 Feudal Age
14:01 Castle Age
13:12 Double-Bit Axe
13:10 Horse Collar
19:58 Bow Saw
20:51 Wheelbarrow
20:02 Town Watch
23:46 Gold Mining
23:59 Heavy Plow
25:13 Gold Shaft Mining
25:35 Hand Cart
25:20 Town Patrol
25:06 Loom
26:43 Fletching
27:18 Stone Mining
28:31 Stone Shaft Mining
30:34 Imperial Age
28:13 Bodkin Arrow
28:42 Ballistics
29:38 Scale Barding Armor
29:44 Forging
29:58 Masonry
30:45 Capped Ram
32:08 Chain Barding Armor
32:23 Iron Casting
33:37 Two-Man Saw
32:56 Husbandry
34:34 Plate Barding Armor
35:00 Blast Furnace
34:20 Bloodlines
33:38 Cavalier
38:32 Savar
43:20 Siege Ram
50:22 Light Cavalry
Ehco
10:37 Feudal Age
15:00 Castle Age
13:23 Double-Bit Axe
18:54 Loom
32:24 Wheelbarrow
35:04 Imperial Age
32:49 Forging
32:41 Scale Mail Armor
32:47 Pikeman
34:51 Gold Mining
36:08 Iron Casting
35:49 Chain Mail Armor
35:46 Halberdier
36:46 Fletching
37:14 Chain Mail Armor
38:04 Squires
38:08 Elite Varangian Guard
39:22 Hand Cart
39:33 Conscription
42:03 Fortified Wall
43:14 Chemistry
45:47 Plate Mail Armor
45:12 Bodkin Arrow
47:19 Bracer
47:52 Logistica
55:22 Hoardings
Frank9112750
10:42 Feudal Age
15:52 Castle Age
14:23 Double-Bit Axe
16:00 Loom
17:50 Fletching
19:08 Scale Mail Armor
31:29 Horse Collar
34:52 Heavy Plow
36:09 Wheelbarrow
36:00 Gold Mining
41:29 Imperial Age
39:24 Bow Saw
40:19 Hand Cart
40:36 Bodkin Arrow
40:42 Padded Archer Armor
41:55 Ballistics
41:43 Heavy Scorpion
43:28 Chemistry
44:05 Furor Celtica
44:50 Conscription
44:04 Capped Ram
45:13 Masonry
44:56 Heated Shot
45:32 Siege Ram
60:06 Gambesons
61:47 Elite Woad Raider
63:05 Forging
63:43 Chain Mail Armor
65:10 Iron Casting
65:52 Plate Mail Armor
高老头子
11:04 Feudal Age
12:51 Loom
16:01 Castle Age
14:12 Double-Bit Axe
17:28 Bow Saw
23:17 Wheelbarrow
22:33 Horse Collar
25:11 Gold Mining
25:12 Stone Mining
25:26 Heavy Plow
27:24 Gold Shaft Mining
30:42 Imperial Age
28:00 Pikeman
28:40 Squires
28:05 Man-at-Arms
28:48 Scale Mail Armor
28:59 Forging
30:28 Chain Mail Armor
30:20 Long Swordsman
32:10 Iron Casting
31:12 Capped Ram
31:25 Two-Handed Swordsman
31:26 Halberdier
33:48 Conscription
33:29 Druzhina
33:18 Siege Ram
34:47 Plate Mail Armor
35:04 Crop Rotation
34:24 Champion
35:31 Detinets
44:52 Chemistry
43:48 Murder Holes
43:59 Siege Engineers
45:19 Elite Boyar
46:31 Scale Barding Armor
47:26 Blast Furnace
46:18 Fletching
46:28 Padded Archer Armor
47:33 Bloodlines
47:24 Husbandry
46:45 Light Cavalry
48:08 Chain Barding Armor
52:04 Hussar
58:18 Plate Barding Armor
57:58 Caravan
59:22 Bodkin Arrow
59:51 Ballistics
懒洋洋大王
9:47 Feudal Age
15:15 Castle Age
21:47 Horse Collar
22:01 Double-Bit Axe
27:19 Imperial Age
25:41 Heavy Plow
26:43 Bloodlines
27:15 Bow Saw
28:08 Gold Mining
28:09 Stone Mining
27:57 Cavalier
30:01 Town Watch
30:52 Wheelbarrow
30:03 Loom
31:10 Crop Rotation
31:42 Forging
31:37 Scale Barding Armor
34:51 Iron Casting
34:36 Chain Barding Armor
34:21 Paladin
37:06 Blast Furnace
36:41 Plate Barding Armor
37:21 Chemistry
37:58 Two-Man Saw
38:28 Conscription
39:38 Plate Barding Armor
49:04 Crenellations
49:31 Pikeman
50:11 Squires
49:56 Arson
49:57 Gambesons
50:50 Halberdier
51:16 Capped Ram
56:26 Scale Mail Armor
61:20 Chain Mail Armor
林海
9:54 Feudal Age
14:25 Castle Age
12:42 Double-Bit Axe
13:06 Horse Collar
15:35 Bow Saw
20:15 Fletching
20:52 Gold Mining
22:14 Bodkin Arrow
29:55 Imperial Age
28:02 Wheelbarrow
29:04 Loom
30:03 Hand Cart
30:53 Bracer
33:46 Ballistics
35:04 Chemistry
37:26 Two-Man Saw
36:52 Crossbowman
37:37 Thumb Ring
37:46 Arbalester
40:38 Conscription
43:59 Eupseong
46:00 Scale Barding Armor
46:06 Forging
58:14 Caravan
62:44 Stone Mining
63:30 Gold Shaft Mining
Connection lost

Rejoining the realm…

Still unreachable

The connection could not be restored.

Session expired

The server has moved on; the page needs a fresh start.